 Dungeon Crawl Stone Soup version 0.18-a0-23-g19353e1 (webtiles) character file.

445140 xeno23 the Fencer (level 23, -7/200 HPs)
             Began as a Deep Dwarf Necromancer on Oct 31, 2015.
             Was the Champion of Makhleb.
             Killed from afar by a tengu reaver (25 damage)
             ... with a bolt of magma
             ... led by Sojobo
             ... on level 4 of the Vaults on Nov 3, 2015.
             The game lasted 07:07:31 (46899 turns).

xeno23 the Fencer (Deep Dwarf Necromancer)         Turns: 46899, Time: 07:07:31

Health: -7/200     AC: 58    Str: 17    XL:     23   Next: 9%
Magic:  41/41      EV: 16    Int: 23    God:    Makhleb [******]
Gold:   1228       SH:  0    Dex: 18    Spells: 6 memorised, 13 levels left

rFire  + . .     SeeInvis +     e - +7 great sword of the Apocalypse {venom, rPois MP+9 Str+2}
rCold  . . .     Clarity  .     S - +14 plate armour "Vegemyas" {Dex+2}
rNeg   + . .     SustAt   .     (shield currently unavailable)
rPois  +         Gourm    +     t - +2 helmet {rF+}
rElec  +         Spirit   .     b - +2 cloak
rCorr  +         Warding  .     j - +4 pair of gloves of Wuhak {rCorr}
rMut   .         Stasis   .     m - +2 pair of boots {Fly}
MR     +++..                    D - amulet of the gourmand
Stlth  ..........               Z - ring of Perfectionism {rElec SInv}
                                p - ring of the Octopus King {AC+1 EV+1 Str+1 Int+1 Dex+1 SInv}

@: flying, very slightly contaminated, non-regenerating, drained, extremely
resistant to hostile enchantments, extremely unstealthy
A: damage resistance, recharge devices, icy blue scales 1, iridescent scales 1,
yellow scales 1, negative energy resistance 1, sense surroundings 3, slow
regeneration 3, wild magic 1
a: Device Recharging, Minor Destruction, Lesser Servant of Makhleb, Major
Destruction, Greater Servant of Makhleb, Renounce Religion, Stop Flying
}: 2/15 runes: serpentine, barnacled


You were on level 4 of the Vaults.
You worshipped Makhleb.
Makhleb was exalted by your worship.
You were not hungry.

You visited 7 branches of the dungeon, and saw 41 of its levels.
You visited the Abyss 2 times.
You visited 2 bazaars.
You also visited: Labyrinth, Sewer, Bailey and Volcano.

You collected 7641 gold pieces.
You spent 6413 gold pieces at shops.

Inventory:

Hand Weapons
 e - the +7 great sword of the Apocalypse (weapon) {venom, rPois MP+9 Str+2}
   (You bought it in a shop in a bazaar)

   It poisons the flesh of those it strikes.
   It affects your strength (+2).
   It protects you from poison.
   It affects your magic capacity (+9).
Armour
 b - a +2 cloak (worn)
 j - the +4 pair of gloves of Wuhak (worn) {rCorr}
   (You acquired it on level 11 of the Dungeon)

   It protects you from acid and corrosion.
 m - a +2 pair of boots of flying (worn)
 t - a +2 helmet of fire resistance (worn)
 Q - a +2 buckler of protection
 S - the +14 plate armour "Vegemyas" (worn) {Dex+2}
   (You found it in a labyrinth)

   It affects your dexterity (+2).
 U - a +0 buckler of poison resistance
Jewellery
 f - a +3 ring of strength
 k - an uncursed ring of protection from cold
 p - a ring of the Octopus King (left hand) {AC+1 EV+1 Str+1 Int+1 Dex+1 SInv}
   (You bought it in a shop in a bazaar)

   [ring of see invisible]

   It affects your AC (+1).
   It affects your evasion (+1).
   It affects your strength (+1).
   It affects your intelligence (+1).
   It affects your dexterity (+1).
   It lets you see invisible.
 u - an uncursed amulet of guardian spirit
 C - an uncursed amulet of stasis
 D - an amulet of the gourmand (around neck)
 Z - the ring of Perfectionism (right hand) {rElec SInv}
   (You bought it in a shop on level 4 of the Orcish Mines)

   [ring of see invisible]

   It insulates you from electricity.
   It lets you see invisible.
Wands
 a - a wand of hasting (4)
 c - a wand of heal wounds (0)
 n - a wand of digging (12)
 J - a wand of fire (3)
Scrolls
 o - 2 scrolls of blinking
 q - 4 scrolls of fog
 r - a scroll of enchant weapon
 v - 5 scrolls of teleportation
 w - 6 scrolls of enchant armour
 y - 16 scrolls of identify
 A - 4 scrolls of fear
 H - 8 scrolls of recharging
 L - 5 scrolls of magic mapping
 N - a scroll of silence
 O - 14 scrolls of remove curse
Potions
 g - 2 potions of brilliance
 h - 4 potions of berserk rage
 i - 5 potions of agility
 x - 5 potions of might
 z - 4 potions of cancellation
 E - 22 potions of curing
 F - 7 potions of magic
 M - 5 potions of resistance
 T - a potion of cure mutation
 V - 2 potions of invisibility
 X - 7 potions of haste
 Y - 4 potions of ambrosia
Books
 I - a book of Flames

   Spells                             Type                      Level
   a - Flame Tongue                   Conjuration/Fire             1
   b - Throw Flame                    Conjuration/Fire             2
   c - Conjure Flame                  Conjuration/Fire             3
   d - Inner Flame                    Hexes/Fire                   3
   e - Sticky Flame                   Conjuration/Fire             4
   f - Fireball                       Conjuration/Fire             5
 K - a book of Clouds

   Spells                             Type                      Level
   a - Mephitic Cloud                 Conjuration/Poison/Air       3
   b - Conjure Flame                  Conjuration/Fire             3
   c - Poisonous Cloud                Conjuration/Poison/Air       6
   d - Freezing Cloud                 Conjuration/Ice/Air          6
   e - Ring of Flames                 Charms/Fire                  7
 P - a book of Hinderance

   Spells                             Type                      Level
   a - Confusing Touch                Hexes                        2
   b - Confuse                        Hexes                        3
   c - Gell's Gravitas                Hexes/Translocation          3
   d - Petrify                        Transmutation/Earth          4
   e - Metabolic Englaciation         Hexes/Ice                    5
Comestibles
 d - 21 bread rations
 l - 20 meat rations
 s - 63 fruits
 B - a royal jelly
 R - a chunk of flesh


   Skills:
 + Level 10.7(10.2) Fighting
 * Level 20.3(19.7) Long Blades
 * Level 20.3(19.7) Armour
 + Level 17.0(16.4) Dodging
 - Level 2.4(2.0) Stealth
 - Level 4.1(3.7) Shields
 - Level 5.0(4.5) Spellcasting
 + Level 17.9(17.3) Necromancy
 - Level 15.1(14.5) Invocations


You had 13 spell levels left.
You knew the following spells:

 Your Spells              Type           Power        Failure   Level  Hunger
a - Pain                  Necr           ####         1%          1    None
c - Control Undead        Necr           #######...   3%          4    ####...
d - Vampiric Draining     Necr           #######...   1%          3    ##.....
q - Animate Skeleton      Necr           N/A          1%          1    None
s - Dispel Undead         Necr           #######.     5%          5    #####..
x - Agony                 Necr           #######.     5%          5    #####..


Dungeon Overview and Level Annotations

Branches:
Dungeon (15/15)            Temple (1/1) D:5            Lair (8/8) D:11
 Shoals (4/4) Lair:3        Snake (4/4) Lair:6        Slime (0/6) Lair:6
    Orc (4/4) D:12            Elf (0/3) Orc:3        Vaults (5/5) D:14
  Crypt (0/3) Vaults:2     Depths (0/5) D:15

Altars:
Ashenzari
Cheibriados
Dithmenos
Elyvilon
Fedhas
Gozag
Kikubaaqudgha
Makhleb
Nemelex Xobeh
Okawaru
Qazlal
Ru
Sif Muna
Trog
Vehumet
Xom
Yredelemnul
Zin
The Shining One
Beogh

Shops:
D:4 }   D:13 *!   Orc:1 ?   Orc:4 =:![!   Shoals:3 :(!   Snake:1 !   Vaults:3 *
Vaults:4 !

Annotations:
Vaults:5 Sojobo


Innate Abilities, Weirdness & Mutations

You are resistant to damage.
You can recharge devices by infusing magical energy.
You resist negative energy.
You passively map a large area around you.
You do not regenerate naturally.
You are partially covered in icy blue scales (AC +1).
You are partially covered in iridescent scales (AC +4).
You are partially covered in yellow scales (AC +2).
Your spells are a little harder to cast, but a little more powerful.


Message History

The battlesphere fires!
The barrage of energy hits you!
You take 2 damage.
The tengu reaver casts a spell at you.
The fireball explodes!
The fireball engulfs you! You resist.
* * * LOW HITPOINT WARNING * * *
The battlesphere fires!
The barrage of energy hits you!
* * * LOW HITPOINT WARNING * * *
You take 10 damage.
The tengu reaver points at you and mumbles some strange words.
The bolt of magma hits you! You partially resist.
* * * LOW HITPOINT WARNING * * *
The battlesphere fires!
The barrage of energy hits you!
Items here: )))))) [[[[ You take 5 damage.
There is an open door, spattered with blood here.
Items here: )))))))) [[ The tengu reaver looks more healthy.
The tengu reaver casts a spell at you. The bolt of magma hits you!
You partially resist.
You die...

#...#......#.......#..#
#...#......#.......#..#
#...#.>....#.......#.##
#...#).[...#.......#.##
#...#..Q...#.......#...
#...#...[*.#.......####
#...#.[)[..#...........
#...###)####...........
#.....@................
#........).(##########.
#...........#........#.
#...........#........#.
#...........#++####..#.
#...........#..# #).#.
#...........#..# #..#.
#...........#..####..#.
#...........#..'..'..#.


You could see a tengu reaver.

Vanquished Creatures
  2 ancient liches (Vaults:5)
  3 golden dragons
  2 liches
  4 tentacled monstrosities (Vaults:5)
  Rupert (Lair:7)
  A quicksilver dragon (Vaults:4)
  Asterion (Snake:2)
  7 titans (Vaults:5)
  Polyphemus (Shoals:2)
  3 sphinxes
  Gastronok (D:9)
  Kirke (D:15)
  10 shadow dragons
  11 greater nagas
  4 storm dragons
  5 tengu reavers
  An azure jelly (shapeshifter) (Vaults:4)
  The ghost of Raultor the Bludgeoner, an adept GrFi of the Shining One (Shoals:2)
  Ilsuiw (Shoals:4)
  3 fire giants
  Wiglaf (Vaults:3)
  2 deep elf sorcerers
  17 vault wardens
  2 frost giants (Vaults:5)
  A war gargoyle (Vaults:5)
  10 ironheart preservers
  4 very ugly things
  7 stone giants
  Nessos (D:13)
  2 deep elf demonologists (Vaults:4)
  Azrael (D:13)
  2 salamander stormcallers
  A deep elf annihilator (Vaults:1)
  13 ettins
  The ghost of axujen the Fighter, a journeyman MfTm of Okawaru (D:13)
  Snorg (Orc:2)
  A minotaur (Lab)
  32 vault guards
  5 merfolk javelineers
  A deep elf high priest (Vaults:5)
  2 merfolk impalers (Shoals:4)
  9 ogre magi
  7 yaktaur captains
  2 great orbs of eyes
  3 fire dragons
  An ice dragon (Lair:8)
  8 hydras
  15 naga warriors
  5 anacondas
  An alligator snapping turtle (Shoals:4)
  8 centaur warriors
  2 merfolk aquamancers
  A catoblepas (Shoals:2)
  5 merfolk avatars
  A deep troll shaman (Vaults:2)
  An orc high priest (Orc:3)
  3 satyrs
  12 shock serpents
  A dancing weapon (Vaults:4)
  2 deep troll earth magi
  7 death yaks
  A large abomination (Abyss:1)
  Urug (Lair:4)
  6 naga sharpshooters
  The ghost of Duffy the Cleaver, a novice NaBe of Trog (D:6)
  A storm dragon zombie (Vaults:4)
  2 deep elf knights
  2 shadow wraiths
  3 unseen horrors
  4 salamander mystics
  8 deep trolls
  10 sea snakes
  A wizard (D:15)
  6 hill giants
  The ghost of mrath the Magician, a novice GrEE (D:7)
  10 ironbrand convokers
  A lindwurm (Lair:8)
  7 naga ritualists
  3 wolf spider zombies
  A frost giant zombie (Vaults:4)
  2 necromancers
  13 harpies
  11 mana vipers
  7 orc sorcerers
  3 deep elf conjurers
  5 wolf spiders
  13 orc knights
  3 phantasmal warriors
  12 fauns
  3 hornets
  6 water nymphs
  5 cyclopes
  12 salamanders
  A worldbinder (Abyss:1)
  9 manticores
  5 griffons
  40 ugly things
  Maurice (D:8)
  3 toenail golems (Volcano)
  15 sirens
  5 guardian serpents
  19 naga magi
  17 vault sentinels
  10 elephants
  An ice statue (D:11)
  37 black mambas
  A black mamba (shapeshifter) (Vaults:3)
  6 torpor snails
  A torpor snail (shapeshifter) (Vaults:2)
  A salamander skeleton (Vaults:4)
  A guardian serpent (shapeshifter) (D:14)
  18 spiny frogs
  A komodo dragon (shapeshifter) (D:15)
  30 yaktaurs
  A spiny frog (shapeshifter) (Vaults:1)
  A blue devil (D:15)
  A kobold demonologist (Vaults:3)
  3 fire drakes
  6 komodo dragons
  An ancient zyme (Abyss:1)
  2 human skeletons (Vaults:4)
  4 trolls
  4 deep elf priests
  3 giant leeches (Lair:8)
  A jumping spider (shapeshifter) (Vaults:1)
  3 wind drakes
  10 freezing wraiths
  3 tengu conjurers
  36 merfolk
  Grinder (D:6)
  18 two-headed ogres
  2 polar bears
  A jumping spider (Vaults:4)
  8 boulder beetles
  3 raiju (Abyss:1)
  11 snapping turtles
  A boulder beetle (shapeshifter) (Vaults:1)
  17 slime creatures
  A trapdoor spider (D:15)
  3 hogs (D:15)
  A frost giant simulacrum (Vaults:1)
  33 yaks
  7 water elementals
  2 centaur simulacra (D:15)
  8 redbacks
  3 fire elementals (D:13)
  6 humans (Volcano)
  A basilisk (shapeshifter) (Vaults:3)
  7 basilisks
  6 deep elf magi
  A wyvern (Lair:8)
  2 wraiths
  11 hippogriffs
  2 tarantellas
  A vampire (D:14)
  2 steam dragons
  A golden eye (shapeshifter) (Vaults:1)
  19 vampire mosquitoes
  50 nagas
  9 deep elf fighters
  A mottled dragon (D:12)
  6 wargs
  2 hell hounds (D:13)
  60 orc warriors
  5 spiders (Lair:8)
  14 porcupines
  An ice beast (shapeshifter) (Vaults:4)
  3 sky beasts
  6 ice beasts
  3 black bears
  8 boggarts
  24 water moccasins
  6 wolves
  6 phantoms
  37 ogres
  13 centaurs
  6 wasps
  An eye of draining (D:8)
  The ghost of miniluv the Sneak, an amateur OpCj (D:6)
  6 big kobolds
  5 brain worms (Lair:8)
  13 crocodiles
  13 giant frogs
  A wyvern zombie (D:10)
  2 wyvern skeletons
  4 jellies
  2 scorpions
  19 killer bees
  3 small abominations (Abyss:1)
  8 crimson imps
  14 wights
  A giant frog zombie (D:12)
  6 hounds
  3 centaur zombies
  2 giant frog skeletons
  A gnoll shaman (D:4)
  29 orc priests
  A quasit (D:12)
  44 orc wizards
  14 worker ants
  8 iguanas
  8 centaur skeletons
  12 sheep
  A statue (D:7)
  A killer bee zombie (D:8)
  5 hound zombies
  3 hound skeletons
  A worker ant zombie (D:4)
  8 gnolls
  27 adders
  72 river rats
  6 shadow imps
  An ufetubus (Abyss:1)
  3 oozes
  2 adder zombies
  23 worms
  2 adder skeletons
  160 orcs
  8 ball pythons
  9 giant cockroaches
  4 goblins
  6 hobgoblins
  18 kobolds
  2 bats (D:3)
  3 giant geckos
  3 giant gecko zombies
  4 giant newts
  12 jackals
  2 jackal skeletons (D:4)
  A jackal zombie (D:4)
  5 quokkas
  4 quokka skeletons
  11 rats
  A bush (Shoals:1)
  A fire vortex (Vaults:4)
  2 fungi (D:3)
  4 plants
1804 creatures vanquished.

Vanquished Creatures (collateral kills)
  A merfolk javelineer (Shoals:4)
  A hydra (D:14)
  An ogre mage (Vaults:5)
  An ironbrand convoker (Vaults:5)
  2 black mambas (Snake:1)
  2 fauns (Shoals:4)
  A siren (Shoals:4)
  A merfolk (Shoals:4)
  A two-headed ogre (Vaults:5)
  2 redbacks (Vaults:5)
  An orc (D:9)
  2 jackals (D:9)
16 creatures vanquished.

Vanquished Creatures (others)
  A tengu reaver (Vaults:5)
  A fire giant (Vaults:5)
  A vault warden (Vaults:5)
  An ironheart preserver (Vaults:5)
  A stone giant (Vaults:5)
  A merfolk impaler (Shoals:4)
  A deep elf high priest (Vaults:5)
  A deep troll earth mage (Vaults:5)
  A deep troll (Vaults:5)
  An unseen horror (Vaults:1)
  A faun (Shoals:4)
  A freezing wraith (Vaults:5)
  A jumping spider (Vaults:5)
  A merfolk (Shoals:2)
  3 redbacks (Vaults:5)
  2 humans (D:15)
  A warg (Vaults:5)
  An orc warrior (Vaults:5)
  6 ogres
  An orc priest (Orc:4)
  An orc (Orc:4)
  A jackal (D:9)
  2 fire vortices (Vaults:5)
  42 fungi
  50 plants
124 creatures vanquished.

Grand Total: 1944 creatures vanquished

Notes
Turn   | Place    | Note
--------------------------------------------------------------
     0 | D:1      | xeno23 the Deep Dwarf Necromancer began the quest for the Orb.
     0 | D:1      | Reached XP level 1. HP: 15/15 MP: 3/3
   199 | D:1      | Learned a level 1 spell: Animate Skeleton
   212 | D:1      | Reached XP level 2. HP: 21/24 MP: 0/4
   348 | D:1      | Reached skill level 1 in Armour
   638 | D:2      | Reached XP level 3. HP: 23/30 MP: 6/6
   652 | D:2      | Reached skill level 5 in Necromancy
   718 | D:2      | Learned a level 3 spell: Vampiric Draining
  1138 | D:2      | Reached XP level 4. HP: 19/37 MP: 0/7
  1690 | D:2      | Reached skill level 1 in Fighting
  1902 | D:3      | Found a blossoming altar of Fedhas.
  2676 | D:4      | Reached skill level 1 in Long Blades
  2676 | D:4      | Reached XP level 5. HP: 31/44 MP: 8/8
  2682 | D:4      | Learned a level 4 spell: Control Undead
  2715 | D:4      | Found Orghuw's Gadget Shoppe.
  3106 | D:4      | Noticed a troll
  3211 | D:4      | Reached XP level 6. HP: 42/51 MP: 1/10
  3383 | D:4      | Reached skill level 6 in Necromancy
  3724 | D:5      | Entered Level 5 of the Dungeon
  3757 | D:5      | Reached XP level 7. HP: 55/57 MP: 1/11
  3778 | D:5      | Found Zin's Purification Station.
  3780 | D:5      | Found a glowing silver altar of Zin.
  3783 | D:5      | Bought a potion of curing for 90 gold pieces
  3873 | D:5      | Found a staircase to the Ecumenical Temple.
  3883 | Temple   | Entered the Ecumenical Temple
  3962 | Temple   | Became a worshipper of Makhleb the Destroyer
  4110 | D:5      | Found a glowing drain.
  4114 | Sewer    | Entered a sewer
  4389 | Sewer    | Reached * piety under Makhleb
  4641 | Sewer    | Reached skill level 7 in Necromancy
  4956 | D:5      | Reached XP level 8. HP: 60/64 MP: 3/13
  5112 | D:5      | Reached skill level 1 in Invocations
  5222 | D:6      | Noticed Grinder
  5260 | D:6      | Noticed Duffy's ghost (novice NaBe)
  5432 | D:7      | Learned a level 5 spell: Dispel Undead
  5493 | D:7      | Reached skill level 8 in Necromancy
  5527 | D:7      | Found a shimmering altar of Xom.
  5621 | D:7      | Reached ** piety under Makhleb
  5734 | D:7      | Found a radiant altar of Vehumet.
  5750 | D:7      | Found a sacrificial altar of Ru.
  5750 | D:7      | Found a basalt altar of Yredelemnul.
  5751 | D:7      | Found an ancient bone altar of Kikubaaqudgha.
  5902 | D:7      | Noticed mrath's ghost (novice GrEE)
  5905 | D:7      | Killed mrath's ghost
  5905 | D:7      | Reached skill level 9 in Necromancy
  5905 | D:7      | Gained mutation: You passively map the area around you. [Deep Dwarf growth]
  5905 | D:7      | Reached XP level 9. HP: 70/70 MP: 4/15
  6059 | D:6      | Reached skill level 5 in Dodging
  6086 | D:6      | Noticed miniluv's ghost (amateur OpCj)
  6174 | D:6      | Killed miniluv's ghost
  6499 | D:4      | Bought a wand of digging (6) for 240 gold pieces
  6990 | D:6      | Paralysed by Grinder for 3 turns
  7027 | D:6      | Killed Grinder
  7027 | D:6      | Reached skill level 5 in Long Blades
  7059 | D:6      | Found a burning altar of Makhleb.
  7367 | D:6      | Killed Duffy's ghost
  7367 | D:6      | Reached skill level 10 in Necromancy
  7367 | D:6      | Reached skill level 5 in Invocations
  7847 | D:8      | Noticed Maurice
  7881 | D:8      | Killed Maurice
  7881 | D:8      | Reached XP level 10. HP: 78/78 MP: 2/16
  7963 | D:8      | Reached *** piety under Makhleb
  8120 | D:8      | Reached skill level 11 in Necromancy
  8497 | D:7      | Found a glowing golden altar of the Shining One.
  8497 | D:7      | Found an iron altar of Okawaru.
  8621 | D:9      | Reached **** piety under Makhleb
  8671 | D:9      | Noticed Gastronok
  8714 | D:9      | Killed Gastronok
  8714 | D:9      | Reached skill level 5 in Spellcasting
  9085 | D:10     | Entered Level 10 of the Dungeon
  9137 | D:10     | Learned a level 5 spell: Agony
  9288 | D:10     | Found a glowing silver altar of Zin.
  9514 | D:10     | Reached XP level 11. HP: 81/84 MP: 13/18
  9792 | D:10     | Reached skill level 12 in Necromancy
 10106 | D:4      | Killed a troll
 10331 | D:11     | Noticed a hill giant
 10336 | D:11     | Killed a hill giant
 10476 | D:11     | Reached skill level 1 in Shields
 10527 | D:11     | Reached ***** piety under Makhleb
 10698 | D:11     | Found a gateway to a bazaar.
 11219 | D:11     | Identified a scroll of acquirement
 11220 | D:11     | Got a pair of shimmering gloves
 11231 | D:11     | Identified the +4 pair of gloves of Wuhak {rCorr} (You acquired it on level 11 of the Dungeon)
 11237 | D:11     | Found a staircase to the Lair.
 11633 | D:12     | Found a roughly hewn altar of Beogh.
 11857 | D:12     | Found a flagged portal.
 11866 | Bailey   | Entered a bailey
 11887 | Bailey   | Reached skill level 13 in Necromancy
 11899 | Bailey   | Reached ****** piety under Makhleb
 12181 | Bailey   | Got a faintly glowing ring mail
 12194 | Bailey   | Identified the +5 ring mail "Iqumaabu" {Slay+2} (You took it off an orc in a bailey)
 12218 | Bailey   | Got a slimy falchion
 12219 | Bailey   | Identified the +8 falchion of Responsibility {holy, -Tele +Rage Dex+6 Stlth+} (You found it in a bailey)
 12433 | D:12     | Reached XP level 12. HP: 91/93 MP: 5/19
 12591 | D:12     | Found a staircase to the Orcish Mines.
 12648 | Orc:1    | Entered Level 1 of the Orcish Mines
 12676 | Orc:1    | Found a roughly hewn altar of Beogh.
 13164 | Orc:1    | Found Roelead's Magic Scroll Shop.
 13207 | Orc:1    | Bought 2 scrolls of identify for 48 gold pieces
 13334 | Orc:3    | Found a staircase to the Elven Halls.
 13630 | Orc:3    | Reached skill level 5 in Armour
 13998 | Orc:2    | Noticed Snorg
 14011 | Orc:2    | Killed Snorg
 14427 | Orc:4    | Entered Level 4 of the Orcish Mines
 14808 | Orc:4    | Reached skill level 10 in Invocations
 14870 | Orc:4    | Found Womyh's Distillery.
 14870 | Orc:4    | Found Wiklem's Distillery.
 14876 | Orc:4    | Found Sifriog's Book Shoppe.
 14876 | Orc:4    | Found Ywkeu's Antique Armour Emporium.
 14956 | Orc:4    | Bought a potion of curing for 36 gold pieces
 14956 | Orc:4    | Bought a potion of curing for 36 gold pieces
 14956 | Orc:4    | Bought a potion of heal wounds for 60 gold pieces
 14956 | Orc:4    | Bought 2 potions of curing for 72 gold pieces
 14956 | Orc:4    | Bought a potion of resistance for 120 gold pieces
 14956 | Orc:4    | Bought a potion of curing for 36 gold pieces
 14956 | Orc:4    | Bought a potion of ambrosia for 96 gold pieces
 14959 | Orc:4    | Bought 2 potions of heal wounds for 120 gold pieces
 14959 | Orc:4    | Bought a potion of curing for 36 gold pieces
 14959 | Orc:4    | Bought a potion of magic for 96 gold pieces
 14960 | Orc:4    | Bought a potion of invisibility for 96 gold pieces
 15044 | Orc:4    | Found Uqawy's Jewellery Shop.
 15052 | Orc:4    | Bought a cursed amulet of inaccuracy for 30 gold pieces
 15052 | Orc:4    | Bought the ring of Perfectionism {rElec SInv} for 435 gold pieces
 15052 | Orc:4    | Bought a cursed -4 ring of protection for 30 gold pieces
 15530 | Lair:1   | Entered Level 1 of the Lair of Beasts
 15544 | Lair:1   | Upgraded the game from 0.18-a0-5-gf1fb587 to 0.18-a0-19-g8b99b3a
 15580 | Lair:1   | Found a labyrinth entrance.
 15603 | Lab      | Entered a labyrinth
 16617 | Lab      | Noticed a minotaur
 16654 | Lab      | Killed a minotaur
 16654 | Lab      | Reached skill level 14 in Necromancy
 16656 | Lab      | Got a distressingly furry chain mail
 16674 | Lab      | Identified the Incunabulum of Creation
 16682 | Lab      | Got an ichor-stained hat
 16682 | Lab      | Got a pitted plate armour
 17223 | Lair:1   | Identified the +2 chain mail of Misanthropy {rN+ MR+ Regen+} (You took it off a minotaur in a labyrinth)
 17233 | Lair:1   | Identified the +14 plate armour "Vegemyas" {Dex+2} (You found it in a labyrinth)
 17245 | Lair:1   | Identified the +0 hat of the Devil's Advocate {+Blink rCorr Str-2 Dex+5} (You found it in a labyrinth)
 17549 | Lair:2   | Reached XP level 13. HP: 108/108 MP: 13/20
 18276 | Lair:2   | Reached skill level 10 in Dodging
 18282 | Lair:2   | Reached skill level 5 in Fighting
 18349 | Lair:3   | Reached skill level 10 in Long Blades
 18846 | Lair:3   | Found a staircase to the Shoals.
 19416 | Lair:4   | Found a runed door.
 19486 | Lair:4   | Noticed Urug
 19501 | Lair:4   | Killed Urug
 21127 | Lair:6   | Found a staircase to the Slime Pits.
 21388 | Lair:6   | Found a staircase to the Snake Pit.
 21648 | Lair:7   | Noticed Rupert
 22033 | Lair:7   | Paralysed by Rupert for 6 turns
 22364 | Lair:7   | Found a deep blue altar of Sif Muna.
 22390 | Lair:7   | Gained mutation: You resist negative energy. [Deep Dwarf growth]
 22390 | Lair:7   | Reached XP level 14. HP: 121/121 MP: 22/22
 22766 | Lair:7   | Killed Rupert
 22991 | Lair:8   | Entered Level 8 of the Lair of Beasts
 23275 | Lair:8   | Found a dark tunnel.
 23295 | Volcano  | Entered a volcano
 24229 | Lair:8   | Found a runed door.
 24312 | Lair:8   | Lost intelligence.
 25358 | Lair:1   | Gained mutation: You have sharp toenails. [potion of mutation]
 25358 | Lair:1   | Gained mutation: You are partially covered in iridescent scales (AC +4). [potion of mutation]
 25358 | Lair:1   | Gained mutation: Armour fits poorly on your strangely shaped body. [potion of mutation]
 25382 | Lair:1   | Lost mutation: Armour fits poorly on your strangely shaped body. [potion of cure mutation]
 25382 | Lair:1   | Lost mutation: You have sharp toenails. [potion of cure mutation]
 25500 | Bazaar   | Entered a bazaar
 25504 | Bazaar   | Found Botops's Jewellery Boutique.
 25522 | Bazaar   | Found Yfaptumn's Antique Armour Emporium.
 25539 | Bazaar   | Found Yfotull's Assorted Antiques.
 25556 | Bazaar   | Found Runkygry's Antique Armour Shoppe.
 25608 | Bazaar   | Bought 2 fuming cyan potions for 43 gold pieces
 25608 | Bazaar   | Bought a shiny copper wand for 96 gold pieces
 25608 | Bazaar   | Bought a potion of resistance for 240 gold pieces
 25624 | Bazaar   | Bought an ancient helmet for 351 gold pieces
 25635 | Bazaar   | Identified the cursed +0 helmet "Wounne" {+Inv rCorr Str+3} (You bought it in a shop in a bazaar)
 25735 | D:13     | Noticed axujen's ghost (journeyman MfTm)
 25769 | D:13     | Killed axujen's ghost
 25805 | D:13     | Found a shimmering altar of Xom.
 25914 | D:13     | Found Jijic's General Store.
 25934 | D:13     | Bought a scroll of enchant armour for 120 gold pieces
 25934 | D:13     | Bought a scroll of identify for 32 gold pieces
 26068 | D:13     | Noticed Nessos
 26104 | D:13     | Found Asecs's Distillery.
 26146 | D:13     | Bought a potion of heal wounds for 90 gold pieces
 26146 | D:13     | Bought a potion of brilliance for 72 gold pieces
 26146 | D:13     | Bought a potion of heal wounds for 90 gold pieces
 26146 | D:13     | Bought 2 potions of curing for 108 gold pieces
 26146 | D:13     | Bought a potion of curing for 54 gold pieces
 26146 | D:13     | Bought a potion of cancellation for 144 gold pieces
 26228 | D:14     | Reached XP level 15. HP: 44/134 MP: 24/24
 26318 | D:14     | Found a gate to the Vaults.
 26645 | D:14     | Reached skill level 10 in Armour
 26645 | D:14     | Reached XP level 16. HP: 77/144 MP: 25/25
 27190 | D:13     | Noticed Azrael
 27211 | D:13     | Killed Azrael
 27235 | D:13     | Killed Nessos
 27409 | D:15     | Entered Level 15 of the Dungeon
 27445 | D:15     | Noticed Kirke
 27467 | D:15     | Killed Kirke
 28027 | D:15     | Cast into the Abyss (a wizard)
 28138 | Abyss:1  | Noticed an Executioner
 28141 | D:15     | Escaped the Abyss
 28241 | D:15     | Found a staircase to the Depths.
 28329 | D:15     | Reached skill level 10 in Fighting
 29183 | Snake:1  | Entered Level 1 of the Snake Pit
 29575 | Snake:1  | Found Zymaovo's Distillery.
 29583 | Snake:1  | Bought a potion of might for 48 gold pieces
 29583 | Snake:1  | Bought a potion of ambrosia for 96 gold pieces
 29583 | Snake:1  | Bought a potion of magic for 96 gold pieces
 29583 | Snake:1  | Bought a potion of magic for 96 gold pieces
 30758 | Snake:2  | Reached XP level 17. HP: 95/153 MP: 17/27
 31301 | Snake:2  | Noticed Asterion
 31323 | Snake:2  | Killed Asterion
 32266 | Snake:3  | Upgraded the game from 0.18-a0-19-g8b99b3a to 0.18-a0-23-g19353e1
 32583 | Snake:3  | Reached skill level 15 in Long Blades
 33133 | Snake:4  | Entered Level 4 of the Snake Pit
 33205 | Snake:4  | Found a flickering gateway to a bazaar.
 33229 | Bazaar   | Entered a bazaar
 33229 | Bazaar   | Found Jaedub's Antique Armour Shoppe.
 33236 | Bazaar   | Bought a pair of runed boots for 90 gold pieces
 33255 | Bazaar   | Found Seiguagyta's Jewellery Boutique.
 33263 | Bazaar   | Bought a ring of the Octopus King {AC+1 EV+1 Str+1 Int+1 Dex+1 SInv} for 403 gold pieces
 33271 | Bazaar   | Found Faesuun's General Store.
 33305 | Bazaar   | Found Nienkosch's Magic Scroll Emporium.
 33313 | Bazaar   | Bought a scroll of identify for 14 gold pieces
 33313 | Bazaar   | Bought a scroll of identify for 14 gold pieces
 33313 | Bazaar   | Bought a scroll of enchant weapon for 52 gold pieces
 33313 | Bazaar   | Bought a scroll of identify for 14 gold pieces
 33313 | Bazaar   | Bought a scroll of magic mapping for 24 gold pieces
 33315 | Bazaar   | Found Cunk's Antique Weapon Emporium.
 33327 | Bazaar   | Bought a translucent great sword for 310 gold pieces
 33349 | Bazaar   | Bought a faintly glowing plate armour for 560 gold pieces
 33374 | Snake:4  | Identified the +7 great sword of the Apocalypse {venom, rPois MP+9 Str+2} (You bought it in a shop in a bazaar)
 33385 | Snake:4  | Identified the +3 plate armour of the Guilds {MR+ MP+9 Dex+2} (You bought it in a shop in a bazaar)
 33693 | Snake:4  | Reached skill level 15 in Invocations
 33823 | Snake:4  | Gained mutation: You passively map a large area around you. [Deep Dwarf growth]
 33823 | Snake:4  | Reached XP level 18. HP: 160/160 MP: 29/29
 34113 | Snake:4  | Got a serpentine rune of Zot
 34852 | Shoals:1 | Entered Level 1 of the Shoals
 34973 | Shoals:1 | Gained mutation: Your spells are a little harder to cast, but a little more powerful. [potion of beneficial mutation]
 34974 | Shoals:1 | Gained mutation: You are partially covered in yellow scales (AC +2). [potion of beneficial mutation]
 35803 | Shoals:2 | Noticed Raultor's ghost (adept GrFi)
 35814 | Shoals:2 | Killed Raultor's ghost
 35837 | Shoals:2 | Reached skill level 15 in Armour
 36001 | Shoals:2 | Noticed Polyphemus
 36063 | Shoals:2 | Killed Polyphemus
 36063 | Shoals:2 | Reached skill level 16 in Long Blades
 36087 | Shoals:2 | Reached skill level 15 in Necromancy
 37106 | Shoals:3 | Found Tebryluq's Antique Weapon Emporium.
 37110 | Shoals:3 | Gained mutation: You are partially covered in icy blue scales (AC +1). [potion of beneficial mutation]
 37129 | Shoals:3 | Found Ihafiam's Book Boutique.
 37178 | Shoals:3 | Found Cuptid's Distillery.
 37181 | Shoals:3 | Bought 2 potions of magic for 176 gold pieces
 37181 | Shoals:3 | Bought a potion of haste for 110 gold pieces
 37181 | Shoals:3 | Bought a potion of heal wounds for 55 gold pieces
 37181 | Shoals:3 | Bought a potion of haste for 110 gold pieces
 37181 | Shoals:3 | Bought a potion of curing for 33 gold pieces
 37181 | Shoals:3 | Bought a potion of haste for 110 gold pieces
 37181 | Shoals:3 | Bought a potion of curing for 33 gold pieces
 37181 | Shoals:3 | Bought 2 potions of cancellation for 176 gold pieces
 37181 | Shoals:3 | Bought a potion of might for 44 gold pieces
 37181 | Shoals:3 | Bought a potion of agility for 44 gold pieces
 37181 | Shoals:3 | Bought a potion of brilliance for 44 gold pieces
 37277 | Shoals:4 | Entered Level 4 of the Shoals
 37681 | Shoals:4 | Noticed Ilsuiw
 37739 | Shoals:4 | Killed Ilsuiw
 37739 | Shoals:4 | Reached XP level 19. HP: 81/168 MP: 30/30
 37848 | Shoals:4 | Got a barnacled rune of Zot
 38869 | Vaults:1 | Entered Level 1 of the Vaults
 39122 | Vaults:1 | Reached skill level 17 in Long Blades
 40172 | Vaults:1 | Reached skill level 15 in Dodging
 40172 | Vaults:1 | Reached XP level 20. HP: 176/176 MP: 31/31
 40770 | Vaults:2 | Reached skill level 18 in Long Blades
 40874 | Vaults:2 | Found a staircase to the Crypt.
 40874 | Vaults:2 | Found a basalt altar of Yredelemnul.
 40875 | Vaults:2 | Found an ancient bone altar of Kikubaaqudgha.
 41702 | Vaults:3 | Reached XP level 21. HP: 183/183 MP: 32/32
 41840 | Vaults:3 | Found Yquci's Assorted Antiques.
 41848 | Vaults:3 | Bought a potion of heal wounds for 130 gold pieces
 42067 | Vaults:3 | Noticed Wiglaf
 42086 | Vaults:3 | Killed Wiglaf
 43399 | Vaults:4 | Found Fyddelirph's Distillery.
 43402 | Vaults:4 | Bought a potion of curing for 54 gold pieces
 43402 | Vaults:4 | Bought a potion of curing for 54 gold pieces
 43402 | Vaults:4 | Bought a potion of agility for 72 gold pieces
 43402 | Vaults:4 | Bought a potion of heal wounds for 90 gold pieces
 43402 | Vaults:4 | Bought a potion of heal wounds for 90 gold pieces
 43402 | Vaults:4 | Bought a potion of curing for 54 gold pieces
 44635 | Vaults:5 | Entered Level 5 of the Vaults
 44676 | Vaults:5 | Reached skill level 19 in Long Blades
 45324 | Vaults:4 | Reached XP level 22. HP: 78/190 MP: 33/33
 45659 | Vaults:5 | Noticed an ancient lich
 45673 | Vaults:5 | Killed an ancient lich
 46054 | Vaults:5 | Cast into the Abyss (a deep elf sorcerer)
 46058 | Abyss:1  | Found a corrupted altar of Lugonu.
 46241 | Vaults:5 | Escaped the Abyss
 46404 | Vaults:4 | Reached skill level 20 in Long Blades
 46470 | Vaults:4 | Noticed a shard shrike
 46470 | Vaults:4 | a caustic shrike changed into a shard shrike
 46472 | Vaults:4 | Noticed a juggernaut
 46472 | Vaults:4 | a shard shrike changed into a juggernaut
 46473 | Vaults:4 | a juggernaut changed into a caustic shrike
 46482 | Vaults:4 | Noticed a juggernaut
 46482 | Vaults:4 | a titan changed into a juggernaut
 46485 | Vaults:4 | a juggernaut changed into a golden dragon
 46584 | Vaults:5 | Noticed an ancient lich
 46743 | Vaults:5 | Killed an ancient lich
 46778 | Vaults:5 | Reached XP level 23. HP: 71/200 MP: 30/32
 46802 | Vaults:5 | HP: 10/200 [titan (54)]
 46859 | Vaults:5 | Noticed Sojobo
 46899 | Vaults:4 | Killed from afar by a tengu reaver

Vault maps used:
D:1:      mainiacjoe_arrival_reflecting_pool
D:3:      fedhas_altar_3
D:4:      serial_shops, shop_statue, serial_undead, serial_undead_e,
          serial_undead_f, serial_undead_d, serial_undead_b, serial_undead_b,
          serial_undead_b, corexii_corridor_pit
D:5:      zin_purify, first_bread, gup_sewer_entry_spiral, grunt_ministairs_8,
          bh_walls_and_bars
D:6:      makhleb_heckhound_becter, uniq_grinder
D:7:      vehumet_statue, nicolae_overflow_hidden_temple,
          gammafunk_temple_overflow_claw, basic_altar, minmay_misc_feat_columns
D:8:      uniq_maurice
D:9:      blue_anna_alchemist, dk_noncrumbling_2, uniq_gastronok
D:10:     david_defended_altar_elf
D:11:     erik_lair_dragon, serial_shops, statue_bzr, hangedman_decor_growths,
          kennysheep_generic_room_5
D:12:     david_orc_4, enter_bailey_1
D:13:     serial_shops, shop_coins, nicolae_shop_competitors_out_of_business,
          lemuel_statue_altar, uniq_azrael, uniq_nessos
D:14:     lightli_vaults_fourway_checkpoint, kennysheep_decorative_pillar,
          minmay_misc_feat_four_crosses
D:15:     grunt_enter_depths_magical_seal, portal_ice_cave_entry_ugly_swarm,
          dispersion_dpeg, uniq_kirke
Temple:   circular_temple_12
Lair:1:   lab_entry_generic
Lair:3:   minmay_shoals_entry_hut
Lair:4:   minivault_25, pf_torpor_hydra, uniq_urug
Lair:6:   dummy_snake_entry, slime_dummy
Lair:7:   lemuel_centaur_altar, uniq_rupert
Lair:8:   hangedman_lair_tendril_chambers, wormcave, enter_volcano_3,
          serial_bayou_shore_b
Shoals:1: abandoned_shop, yaktaur_hedge
Shoals:2: abandoned_shop, nicolae_shoals_flooded_hall, uniq_polyphemus
Shoals:3: nicolae_shoals_island_circles, serial_shops, shop, shop_fountains,
          nicolae_shop_behind_doors
Shoals:4: shoals_end_grunt_garden, shoals_ilsuiw_ice
Snake:1:  serial_shops, shop
Snake:2:  st_stairs_13, uniq_asterion
Snake:4:  minmay_snake_end_coiled, serial_shops, bzr_entry_islet,
          serial_bayou_shore_b
Orc:1:    serial_shops, shop_scrolls, mines1_david
Orc:2:    uniq_snorg
Orc:3:    nicolae_orc_pool_cavern
Orc:4:    st_orc_mages, serial_shops, shop
Vaults:1: hangedman_vaults_pinch, hangedman_vaults_snaps, grunt_vaults_diagonal,
          vaults_room_stairs_pillars, vaults_dpeg_encased_lava,
          nicolae_vaults_windows_and_doors_thing, nicolae_vaults_big_ls,
          vaults_room_pool, ontoclasm_vaults_shout
Vaults:2: minmay_crypt_entry_necro_gods, grunt_vaults_funnel, v_misc_12,
          nicolae_vaults_three_branches, nicolae_vaults_little_squares_1,
          grunt_vaults_focal
Vaults:3: ontoclasm_vaults_ligature, ontoclasm_vaults_chip, st_smaller_cells,
          nicolae_vaults_little_ls, ontoclasm_vaults_loading_screen,
          v_alt_pattern_2, nicolae_vaults_ninety_degrees,
          vaults_standard_mumra_enter_the_diamond, ontoclasm_vaults_tryst,
          hangedman_vaults_corner_blocks, hangedman_vaults_stitches, v_misc_14,
          v_misc_5, ontoclasm_vaults_twist, vaults_dpeg_ring, serial_shops,
          shop, uniq_wiglaf
Vaults:4: nicolae_vaults_good_morning_starshine, v_rooms_3, v_misc_1,
          hangedman_vaults_capsules, hangedman_vaults_restitches,
          nicolae_vaults_ring_of_whatevers, vaults_room_door_ring,
          vaults_room_pool, serial_shops, nicolae_shop_behind_doors
Vaults:5: serial_shops, uniq_sojobo
Abyss:1:  evilmike_abyss_exit_15
Lab:      labyrinth_spiral, nicolae_lab_do_over
Bazaar:   bazaar_jpeg_circle_common, bazaar_lake
Sewer:    sewer_co_tree
Bailey:   bailey_polearm_4, bailey
Volcano:  volcano_bunker

Action                   |  1- 3 |  4- 6 |  7- 9 | 10-12 | 13-15 | 16-18 | 19-21 | 22-24 || total
-------------------------+-------+-------+-------+-------+-------+-------+-------+-------++-------
Melee: Unarmed           |    27 |       |       |       |       |       |       |       ||    27
       Short sword       |    75 |    18 |   180 |   104 |       |       |       |       ||   377
       Scimitar          |       |   191 |   179 |       |       |       |       |       ||   370
       Demon blade       |       |       |       |   865 |  1413 |  1302 |       |       ||  3580
       Falchion          |       |       |       |   355 |       |       |       |       ||   355
       Great sword       |       |       |       |       |       |  1120 |  2125 |   723 ||  3968
 Fire: Blowgun           |       |       |       |    18 |       |       |       |       ||    18
 Cast: Pain              |    27 |    13 |    37 |     8 |    10 |     1 |       |       ||    96
       Vampiric Draining |     6 |    34 |    74 |   110 |    45 |    40 |       |    25 ||   334
       Animate Skeleton  |     1 |       |       |       |     1 |     2 |       |       ||     4
       Dispel Undead     |       |       |    15 |     7 |       |     2 |     2 |     7 ||    33
       Control Undead    |       |       |     1 |       |       |       |       |       ||     1
       Agony             |       |       |       |    40 |    24 |     7 |     2 |     2 ||    75
Invok: Lesser Servant of |       |       |       |     2 |     4 |       |       |       ||     6
       Greater Servant o |       |       |       |       |       |     1 |     3 |     7 ||    11
 Abil: Device Recharging |       |       |       |       |       |       |       |     2 ||     2
Evoke: Wand              |       |     1 |     3 |    12 |    13 |     6 |     2 |    15 ||    52
  Use: Scroll            |       |     7 |     3 |    19 |    11 |    17 |     3 |     7 ||    67
       Potion            |       |       |       |     3 |     4 |    14 |     2 |    21 ||    44
 Stab: Sleeping          |       |     9 |     6 |    14 |     3 |       |       |       ||    32
       Distracted        |       |       |       |     1 |     2 |       |     1 |     1 ||     5
       Petrified         |       |       |       |       |       |     4 |       |       ||     4
  Eat: Chunk             |     2 |    13 |    37 |    54 |    47 |    36 |    30 |     8 ||   227
       Pizza             |       |       |       |       |       |     1 |     1 |       ||     2
       Royal jelly       |       |       |       |       |       |     1 |       |       ||     1
       Beef jerky        |       |       |       |       |       |     2 |       |       ||     2
